Map: Romanticide LE

Players

Trap - Winner!

  • Race: Protoss Protoss
  • League: Master
  • Spawn Location: 5:00

Astrea

  • Race: Protoss Protoss
  • Spawn Location: 11:00

Event: DreamHack SC2 Masters 2020 Winter

VOD

Have the link to the VOD?

Description

Time

  • Played on: Nov. 12, 2020, 9:14 a.m.
  • Length: 13:47

All games in this series

Show
View Real Time Build Order
Export as new Build Order

Trap Protoss - Winner!

Build Orders: Phoenix Opening, Zealot Archon 

Get SALT Encoding   

  12  0:00  Probe  
  13  0:12  Probe  
  14  0:18  Pylon  
  14  0:24  Probe  
  15  0:36  Gateway, Probe (Chrono Boost)  
  16  0:46  Assimilator, Probe (Chrono Boost)  
  17  0:51  Probe (Chrono Boost)  
  18  1:03  Probe (Chrono Boost)  
  19  1:04  Assimilator  
  19  1:12  Gateway  
  19  1:13  Probe (Chrono Boost)  
  19  1:18  Probe (Chrono Boost)  
  20  1:24  Cybernetics Core  
  21  1:29  Probe  
  22  1:35  Pylon  
  22  1:41  Probe  
  23  1:53  Probe  
  24  2:00  Stalker x2  
  28  2:04  Warp Gate  
  28  2:16  Pylon  
  28  2:25  Stargate  
  28  2:31  Stalker  
  30  2:40  Stalker  
  32  2:49  Shield Battery  
  32  2:53  Shield Battery  
  32  3:09  Phoenix (Chrono Boost)  
  34  3:25  Phoenix  
  36  3:37  Nexus  
  36  3:45  Probe  
  36  3:48  Pylon  
  37  3:53  Phoenix (Chrono Boost)  
  39  4:06  Probe  
  39  4:09  Phoenix (Chrono Boost)  
  42  4:17  Robotics Facility  
  42  4:20  Probe  
  43  4:32  Phoenix (Chrono Boost), Probe  
  46  4:39  Pylon  
  46  4:45  Shield Battery  
  46  4:49  Shield Battery  
  46  4:55  Stalker  
  46  4:59  Stalker  
  50  5:04  Probe (Chrono Boost)  
  50  5:06  Observer  
  53  5:10  Probe (Chrono Boost)  
  53  5:14  Probe (Chrono Boost)  
  54  5:18  Probe (Chrono Boost)  
  54  5:19  Probe (Chrono Boost)  
  56  5:28  Pylon  
  56  5:31  Probe (Chrono Boost)  
  56  5:34  Probe (Chrono Boost)  
  58  5:37  Probe (Chrono Boost)  
  58  5:41  Assimilator, Probe (Chrono Boost)  
  58  5:42  Assimilator  
  60  5:45  Probe  
  60  5:48  Immortal  
  65  5:53  Probe  
  65  5:56  Pylon  
  66  5:58  Probe  
  67  6:04  Pylon  
  67  6:05  Probe  
  67  6:10  Probe  
  69  6:17  Probe  
  68  6:19  Forge  
  68  6:21  Twilight Council  
  68  6:22  Probe  
  68  6:25  Immortal (Chrono Boost)  
  69  6:31  Sentry x2  
  77  6:33  Probe  
  77  6:34  Probe  
  79  6:42  Pylon  
  79  6:47  Charge  
  79  6:50  Gateway, Protoss Ground Weapons Level 1 (Chrono Boost)  
  79  6:51  Gateway  
  77  7:05  Templar Archives  
  77  7:15  Gateway x2  
  78  7:18  Warp Prism (Chrono Boost)  
  79  7:24  Gateway  
  79  7:30  Zealot x2  
  79  7:35  Observer  
  83  7:39  Pylon  
  83  7:45  High Templar x2  
  83  7:46  Observer (Chrono Boost)  
  83  7:48  Photon Cannon  
  83  7:49  Archon  
  88  7:53  Zealot x2  
  92  8:10  Pylon  
  92  8:12  Pylon  
  92  8:13  Photon Cannon  
  92  8:15  High Templar x2  
  92  8:16  Zealot x2  
  92  8:19  Zealot  
  102  8:20  Archon  
  101  8:27  Observer  
  102  8:35  Zealot  
  102  8:36  Pylon  
  102  8:39  Zealot x3  
  102  8:40  Zealot  
  98  8:58  Zealot x3  
  98  8:59  Zealot x2  
  100  9:03  Zealot  
  100  9:07  Zealot  
  98  9:22  Immortal (Chrono Boost)  
  90  9:26  Probe x2  
  84  9:43  Probe x2  
  76  9:46  Protoss Ground Weapons Level 2 (Chrono Boost)  
  76  9:48  High Templar  
  76  9:49  High Templar x3  
  82  9:53  Archon x2, Nexus  
  82  9:59  Observer (Chrono Boost)  
  83  10:02  Shield Battery  
  83  10:17  Immortal (Chrono Boost)  
  87  10:26  Zealot x2  
  87  10:27  Zealot x2  
  93  10:36  Probe  
  93  10:37  Probe  
  94  10:46  Immortal (Chrono Boost)  
  94  10:47  Sentry x2  
  94  10:49  Pylon  
  102  10:59  Probe x2  
  104  11:04  Assimilator  
  104  11:08  Assimilator  
  104  11:12  Observer  
  104  11:14  High Templar x2  
  104  11:16  Immortal (Chrono Boost)  
  104  11:18  Probe x3  
  115  11:28  Archon  
  115  11:31  Photon Cannon  
  115  11:34  High Templar x2, Pylon  
  115  11:35  Zealot x3  
  125  11:44  Immortal (Chrono Boost)  
  125  11:45  Archon  
  129  11:48  Pylon  
  129  11:57  High Templar x2, Zealot  
  129  11:58  Zealot x2  
  139  12:02  Archon  
  139  12:09  Nexus  
  139  12:10  Pylon  
  135  12:16  High Templar x2  
  135  12:18  Zealot  
  135  12:19  Zealot x2  
  145  12:24  Archon  
  143  12:31  High Templar  
  143  12:32  High Templar  
  143  12:36  Archon  
  141  12:54  Zealot x5  
  141  12:56  Immortal (Chrono Boost)  
  132  13:19  Zealot x7  
  132  13:21  Probe x3  
  132  13:24  Probe  
  128  13:33  Probe x3  
Show
View Real Time Build Order
Export as new Build Order

Astrea Protoss 

Build Orders:  

Get SALT Encoding   

  12  0:00  Probe  
  13  0:12  Probe  
  14  0:17  Pylon  
  14  0:24  Probe (Chrono Boost)  
  15  0:37  Gateway, Probe (Chrono Boost)  
  16  0:45  Probe (Chrono Boost)  
  16  0:46  Assimilator  
  17  0:51  Probe  
  17  0:54  Assimilator  
  18  1:03  Probe (Chrono Boost)  
  19  1:12  Probe (Chrono Boost)  
  19  1:17  Pylon, Probe (Chrono Boost)  
  20  1:24  Cybernetics Core  
  21  1:30  Probe  
  22  1:32  Pylon  
  22  1:42  Probe  
  24  1:54  Probe  
  24  2:00  Stargate  
  24  2:01  Stalker (Chrono Boost)  
  26  2:06  Probe  
  26  2:08  Warp Gate  
  27  2:18  Probe  
  28  2:24  Stalker (Chrono Boost)  
  30  2:40  Nexus  
  30  2:58  Robotics Facility  
  32  3:01  Void Ray (Chrono Boost)  
  31  3:12  Gateway  
  33  3:17  Pylon  
  33  3:26  Probe  
  34  3:40  Shield Battery, Probe  
  35  3:46  Immortal (Chrono Boost)  
  39  3:52  Probe  
  40  3:56  Probe, Sentry  
  43  4:04  Probe  
  43  4:08  Probe  
  46  4:18  Probe (Chrono Boost)  
  46  4:20  Probe (Chrono Boost)  
  46  4:21  Observer  
  48  4:32  Probe (Chrono Boost)  
  48  4:33  Probe (Chrono Boost)  
  48  4:36  Stalker x2  
  48  4:37  Probe (Chrono Boost)  
  51  4:40  Probe  
  51  4:46  Probe  
  51  4:52  Probe  
  54  4:56  Assimilator  
  54  5:00  Pylon  
  54  5:01  Probe  
  54  5:02  Forge  
  54  5:03  Twilight Council  
  54  5:17  Observer  
  54  5:18  Probe x2 (Chrono Boost)  
  53  5:22  Stalker x2  
  55  5:29  Phoenix  
  55  5:30  Probe (Chrono Boost)  
  55  5:31  Protoss Ground Weapons Level 1 (Chrono Boost), Probe (Chrono Boost)  
  57  5:38  Pylon  
  57  5:39  Probe x2 (Chrono Boost)  
  59  5:43  Blink  
  59  5:44  Probe  
  59  5:45  Probe  
  61  5:56  Assimilator, Probe  
  63  5:57  Probe  
  63  5:59  Stalker  
  63  6:02  Stalker  
  67  6:08  Probe  
  67  6:09  Probe  
  64  6:20  Probe  
  64  6:21  Probe  
  70  6:35  Pylon  
  70  6:36  Pylon  
  70  6:40  Probe x2  
  70  6:45  Gateway x2  
  68  6:51  Dark Shrine  
  68  6:52  Probe x2  
  68  6:54  Pylon  
  69  6:55  Observer  
  69  6:57  Nexus  
  70  7:03  Sentry  
  70  7:04  Sentry  
  74  7:11  Probe x2  
  73  7:20  Pylon  
  73  7:23  Probe  
  73  7:24  Probe  
  73  7:28  Stalker x2  
  79  7:31  Protoss Ground Weapons Level 2 (Chrono Boost)  
  79  7:35  Probe  
  79  7:36  Probe  
  81  7:38  Charge  
  81  7:42  Pylon  
  81  7:45  Stalker x2  
  81  7:48  Probe x2  
  87  8:03  Pylon  
  87  8:07  Stalker x2  
  87  8:08  Stalker x2  
  95  8:12  Photon Cannon  
  95  8:13  Shield Battery  
  95  8:19  Photon Cannon  
  95  8:25  Photon Cannon  
  95  8:27  Pylon  
  95  8:31  Pylon  
  95  8:34  Dark Templar x2  
  95  8:36  Dark Templar  
  95  8:40  Dark Templar  
  88  8:57  Probe x2  
  88  9:01  Immortal (Chrono Boost)  
  80  9:03  Probe  
  80  9:06  Archon  
  80  9:09  Stalker x3, Probe  
  87  9:12  Stalker  
  68  9:33  Stalker x3  
  74  9:38  Stalker  
  74  9:44  Protoss Ground Weapons Level 3 (Chrono Boost)  
  74  9:45  Probe x2  
  74  9:57  Nexus  
  74  10:01  Probe  
  74  10:02  Probe  
  74  10:03  Shadow Stride  
  74  10:05  Observer  
  77  10:10  Pylon  
  77  10:14  Dark Templar, Probe x2  
  81  10:26  Probe x2  
  81  10:38  Probe x2  
  81  10:39  Stalker x3  
  89  10:43  Assimilator, Robotics Bay  
  89  10:46  Assimilator  
  89  10:50  Probe x2  
  89  10:51  Stalker  
  92  11:08  Probe  
  92  11:09  Probe x2  
  95  11:14  Stalker x3  
  101  11:20  Stalker, Probe  
  101  11:21  Probe x2  
  104  11:34  Probe x2  
  104  11:36  Disruptor (Chrono Boost)  
  109  11:42  Robotics Facility  
  109  11:44  Probe  
  109  11:45  Pylon  
  110  11:50  Gateway  
  110  11:52  Gateway  
  110  12:03  Stalker x4  
  110  12:05  Photon Cannon  
  110  12:07  Photon Cannon  
  119  12:16  Disruptor (Chrono Boost)  
  119  12:30  Stalker x2  
  119  12:31  Stalker  
  124  12:46  Disruptor (Chrono Boost)  
  121  12:51  Stalker x2  
  121  12:52  Stalker  
  121  12:57  Dark Templar x2  
  110  12:59  Dark Templar  
  92  13:17  Dark Templar x2  
Tags
 
Add a new tag
Caveats
  • Supply blocks, unpowered buildings, or Contaminate may cause inaccurate times.
  • Supply counts are checked every 10 seconds.